Cogmind - Beta 15 @@@ ROGUE MODE // 2025.10.01 @ 16:42:34 Player: Figgis Result: Destroyed by P-70 Sage with Tesla Rifle Performance ------------- Evolutions (5) 2500 Regions Visited (14) 2800 Robots Destroyed (214) 1070 Value Destroyed (7124) 7124 Prototype IDs (18) 360 Alien Tech Used (0) 0 Bonus (1488) 1488 TOTAL SCORE: 15342 Bonus ------- Follower Combat Kills 1245 Met Data Miner 300 Friendly Fire -57 Cogmind --------- Core Integrity 0/1000 Matter 134/300 Energy 78/100 System Corruption 22% Temperature Cool (0) Movement Core (50) Location -5/Factory Parts ------- > --- POWER (2) -------- (None) > --- PROPULSION (7) --- (None) > --- UTILITY (6) ------ (None) > --- WEAPON (2) ------- (None) > --- INVENTORY (5) ---- Improved Treads Armored Medium Treads Advanced Heat Sink System Shield Heavy Machine Gun Peak State ------------ > --- POWER ------------ Light Angular Momentum Engine > --- PROPULSION ------- Flexi-carbon Leg Flexi-carbon Leg Compact Wheel Compact Wheel Compact Wheel Compact Wheel Compact Wheel > --- UTILITY ---------- Improved Heat Sink Huge Storage Unit Advanced Targeting Computer Reaction Control System Layered Medium Armor Plating Makeshift System Shield > --- WEAPON ----------- Hypervelocity Coil Gun Advanced Assault Cannon > --- INVENTORY -------- Nuclear Core Light Fission Core Improved Treads Armored Medium Treads Compact Wheel Advanced Heat Sink Advanced Terrain Scan Processor Hardened Medium Armor Plating System Shield Heavy Assault Rifle Coil Gun Heavy Machine Gun Gauss Cannon Gauss Cannon Mass Driver Advanced EMP Blaster Heavy Rocket Launcher Chainsword [Rating: 56] Favorites ----------- Power Light Nuclear Core Engine Light Angular Momentum Engine Power Core Light Nuclear Core Propulsion Light Treads Treads Light Treads Leg Aluminum Leg Wheel Armored Huge Wheel Flight Unit Improved Flight Unit Utility Huge Storage Unit Device System Restoration Module Storage Huge Storage Unit Processor Advanced Targeting Computer Hackware Hacking Suite Protection Hardened Heavy Armor Plating Weapon Gauss Cannon Energy Gun Medium Laser Ballistic Gun Light Assault Rifle Ballistic Cannon Gauss Cannon Launcher Heavy Rocket Launcher Slashing Weapon Scythe Special Melee Weapon Datajack Build | -11 -10 -10 -9 -9 -8 -7 -7 -7 -7 -7 -7 -6 -6 -5 ------- Run | Yrd Mat Min Mat Min Mat Fac Was Fac Low Low Dat Pro Fac Fac Slots Evolved 10 | . . . 2 . 2 2 . . . . . . 2 2 Power 1 | . . . . . . . . . . . . . . 1 Propulsion 5 | . . . 1 . 1 1 . . . . . . 1 1 Utility 4 | . . . 1 . 1 1 . . . . . . 1 . Weapon . | . . . . . . . . . . . . . . . Parts Attached 142 | 4 6 2 20 7 30 18 4 4 1 5 . 4 11 26 Power 19 | . 1 . 3 1 5 3 1 . 1 1 . . 2 1 Engine 10 | . 1 . . . 3 3 . . 1 . . . 1 1 Core 9 | . . . 3 1 2 . 1 . . 1 . . 1 . Reactor . | . . . . . . . . . . . . . . . Propulsion 51 | 2 . . 9 2 12 5 1 1 . 2 . 1 4 12 Treads 27 | 2 . . 3 2 8 5 . 1 . 1 . . 2 3 Leg 4 | . . . . . . . . . . 1 . . 1 2 Wheel 19 | . . . 5 . 4 . 1 . . . . 1 1 7 Hover . | . . . . . . . . . . . . . . . Flight 1 | . . . 1 . . . . . . . . . . . Utility 30 | . 4 . 3 1 3 4 1 1 . 2 . 2 3 6 Device 8 | . 1 . 1 . . 1 1 . . . . 1 1 2 Storage 3 | . 3 . . . . . . . . . . . . . Processor 3 | . . . 1 . . . . . . 1 . 1 . . Hackware 7 | . . . . . 3 1 . . . . . . 2 1 Protection 9 | . . . 1 1 . 2 . 1 . 1 . . . 3 Artifact . | . . . . . . . . . . . . . . . Weapon 42 | 2 1 2 5 3 10 6 1 2 . . . 1 2 7 Energy Gun 1 | . . . . 1 . . . . . . . . . . Energy Cannon . | . . . . . . . . . . . . . . . Ballistic Gun 24 | 2 1 . 5 1 5 4 . . . . . 1 1 4 Ballistic Cannon 11 | . . 1 . 1 3 . . 2 . . . . 1 3 Launcher 3 | . . 1 . . 1 . 1 . . . . . . . Special Weapon . | . . . . . . . . . . . . . . . Impact Weapon . | . . . . . . . . . . . . . . . Slashing Weapon 2 | . . . . . . 2 . . . . . . . . Piercing Weapon . | . . . . . . . . . . . . . . . Special Melee Weapon 1 | . . . . . 1 . . . . . . . . . Unidentified Prototypes 5 | . . . 1 . 3 1 . . . . . . . . Parts Lost 91 | . . 4 6 7 16 5 4 . . 3 . 3 13 30 Power 11 | . . . . 1 4 1 . . . 1 . . 2 2 Propulsion 39 | . . 2 3 2 8 3 2 . . 1 . . 5 13 Utility 18 | . . . 1 2 . 1 2 . . 1 . 2 1 8 Weapon 23 | . . 2 2 2 4 . . . . . . 1 5 7 Highest Loss Streak 14 | . . 4 2 4 7 2 4 . . 2 . 2 5 14 To Critical Strikes 1 | . . . . . . . 1 . . . . . . . Average Backups 20 | 3 6 7 19 22 20 22 22 23 25 22 22 20 19 17 Power 2 | 1 1 . 3 2 2 3 2 2 2 1 1 1 2 1 Propulsion 1 | . . . 4 7 3 1 . . 1 1 1 1 . . Utility 7 | . . 1 6 6 6 7 8 9 10 8 8 7 6 5 Weapon 8 | 1 4 4 4 4 6 10 10 12 12 12 12 11 10 8 Tool/Special . | . . . . . . . . . . . . . . . Unused Backups 38 | 1 1 2 1 . 7 3 . 6 1 1 . . . 15 Power 6 | . . 1 1 . . 1 . . . . . . . 3 Propulsion 4 | 1 . . . . . . . . . . . . . 3 Utility 9 | . . . . . . 1 . 2 1 1 . . . 4 Weapon 18 | . 1 1 . . 6 1 . 4 . . . . . 5 Tool/Special 1 | . . . . . 1 . . . . . . . . . Average Slot Usage (%) 79 | . 93 97 84 74 93 93 66 63 69 80 84 86 72 60 Engine 2 | . 11 13 . . 2 5 2 . 1 1 . . 1 1 Core 4 | . . . 10 4 4 1 4 7 5 4 7 7 3 2 Treads 13 | . 28 26 . 6 25 36 13 2 7 6 7 7 7 3 Leg 1 | . . . . . . . . . . 6 7 7 2 3 Wheel 7 | . . . 20 14 7 . 4 7 7 7 7 9 5 6 Device 5 | . 12 14 8 2 . 1 6 7 7 7 7 6 2 3 Storage 7 | . 11 13 10 11 9 7 7 7 7 7 7 7 6 4 Processor 3 | . . . 10 11 . . . . . 4 7 13 13 5 Hackware 9 | . . . . . 26 17 7 7 7 7 7 7 15 9 Protection 3 | . . . 1 5 . 5 2 7 7 7 7 1 . 2 Ballistic Gun 8 | . 27 26 19 11 8 11 7 . . . . 6 8 2 Ballistic Cannon 7 | . . 1 2 4 7 2 . 14 15 15 15 1 2 7 Peak Build Rating 56 | 4 7 8 18 17 30 41 42 45 47 50 46 48 54 56 Average Rating 33 | 1 6 6 15 13 24 36 37 43 45 46 46 46 45 43 On Entrance 28 | . 4 7 3 17 16 30 41 35 45 47 46 46 48 44 Naked Turns 22 | . . . . . . . . . . . . . . 22 Heaviest Build 124 | 2 19 20 96 96 97 120 123 120 124 124 109 106 99 112 Greatest Support 100 | 3 40 40 60 60 80 100 100 28 28 28 28 40 56 80 Greatest Overweight (x) 34 | . . 1 5 6 8 1 3 4 4 4 3 3 3 34 Average Overweight (x) 2 | . . . 3 3 2 . 2 4 4 3 3 2 2 2 Largest Inventory Capacity 25 | 5 25 10 25 25 25 25 25 25 25 25 25 25 25 25 Average Capacity 23 | 5 7 9 24 25 25 25 25 25 25 25 25 25 25 24 Most Carried 25 | 5 8 9 25 25 25 25 25 25 25 25 22 22 23 22 Average Carried 20 | 3 6 7 19 22 20 24 23 23 24 22 22 20 19 17 Final Capacity 25 | 5 10 5 25 25 25 25 25 25 25 25 25 25 25 5 Final Carried 25 | 4 8 5 25 18 23 24 23 25 25 22 22 21 17 5 Class Distribution -------------------- 56% | Mutant 27% | Hacker-Mutant 15% | Scavenger-Mutant Dominant Class ---------------- Mutant | -10/Materials Mutant | -10/Mines Mutant | -9/Materials Mutant | -9/Mines Hacker-Mutant | -8/Materials Scavenger-Mutant | -7/Factory Mutant | -7/Waste Mutant | -7/Factory Mutant | -7/Lower Caves Mutant | -7/Lower Caves Mutant | -7/Data Miner Mutant | -6/Proximity Caves Hacker-Mutant | -6/Factory Hacker-Mutant | -5/Factory Resources | -11 -10 -10 -9 -9 -8 -7 -7 -7 -7 -7 -7 -6 -6 -5 ----------- Run | Yrd Mat Min Mat Min Mat Fac Was Fac Low Low Dat Pro Fac Fac Matter Collected 7340 | 186 254 77 688 140 1557 909 579 124 242 335 . 397 436 1416 Remotely . | . . . . . . . . . . . . . . . Salvage Created 8663 | . 231 48 1281 264 1538 837 1311 110 1 71 . 390 622 1959 Parts 416 | . 15 2 86 11 105 51 5 4 . 7 . 22 26 82 Haulers Intercepted 11 | . 1 . 2 . 4 1 . 1 . . . . 1 1 Recyclers Shooed 17 | . 1 . 1 . 2 . . . . . . . 2 11 Parts Field Recycled . | . . . . . . . . . . . . . . . Retrieved Matter . | . . . . . . . . . . . . . . . Parts Self-Destructed 34 | . . . . . . . . . 5 7 . 22 . . Prevented 2 | . . . . . . . . . . . . 2 . . Kills | -11 -10 -10 -9 -9 -8 -7 -7 -7 -7 -7 -7 -6 -6 -5 ------- Run | Yrd Mat Min Mat Min Mat Fac Was Fac Low Low Dat Pro Fac Fac Combat Hostiles Destroyed 155 | . 4 4 25 9 38 14 7 3 1 6 . 10 12 22 Guns 84 | . 4 3 25 8 13 13 1 . . . . 5 9 3 Cannons 54 | . . 1 . . 25 1 . 3 1 6 . 2 3 12 AOE 16 | . . . . . . . 6 . . . . 3 . 7 Classes Destroyed 21 | . 5 1 6 . 1 2 1 . 1 . . 1 1 2 Worker 9 | . . . 1 . 1 . . . . . . . . 7 Builder 11 | . . . 1 . 3 1 . . . . . . . 6 Tunneler 1 | . . . 1 . . . . . . . . . . . Hauler 11 | . 1 . 2 . 4 1 . 1 . . . . 1 1 Recycler 11 | . 1 . 1 . 1 1 . . . . . . . 7 Mechanic 1 | . . . 1 . . . . . . . . . . . Operator 5 | . . . 1 . 2 . . . . . . . 1 1 Drone 1 | . . . . . . . . . . . . 1 . . Watcher 10 | . 1 . 2 . 2 2 . . . . . . 1 2 Swarmer 36 | . 3 3 7 4 9 . . . . 3 . 3 4 . Grunt 65 | . 1 . 13 5 19 6 . . . 2 . 5 4 10 Brawler 3 | . . . . . . 1 1 . . . . . . 1 Duelist 3 | . . . . . 1 . . . . 1 . 1 . . Sentry 22 | . . . 5 . 9 4 . 1 . . . . 1 2 Demolisher 3 | . . 1 . . . . . 2 . . . . . . Specialist 1 | . . . . . . . . . . . . . . 1 Hunter 4 | . . . . . . . . . . . . . 1 3 Programmer 9 | . . . . . . 3 . . . . . . 2 4 Heavy 1 | . . . . . . . . . . . . . . 1 Compactor 6 | . . . . . . . 6 . . . . . . . Mutant 1 | . . . . . . . . . 1 . . . . . Best Kill Streak 8 | . 3 3 6 3 6 4 6 2 1 3 . 3 6 8 Combat Bots Only 6 | . 3 3 6 3 6 3 6 2 1 3 . 3 5 5 Max Kills in Single Turn 3 | . 1 1 2 1 2 1 1 1 1 1 . 2 2 3 Gunslinging 1 | . . . 1 . . . . . . . . . 1 . Exploded 2 | . . . . . . . 1 . . . . 2 . 2 Melee . | . . . . . . . . . . . . . . . Uniques/NPCs Destroyed . | . . . . . . . . . . . . . . . Combat | -11 -10 -10 -9 -9 -8 -7 -7 -7 -7 -7 -7 -6 -6 -5 -------- Run | Yrd Mat Min Mat Min Mat Fac Was Fac Low Low Dat Pro Fac Fac Hostile Shots Fired 1325 | . 13 33 117 64 250 240 3 37 12 89 . 62 124 281 Missed 392 | . 3 9 39 14 69 81 . 20 4 25 . 12 30 86 Hits 933 | . 10 24 78 50 181 159 3 17 8 64 . 50 94 195 Melee 8 | . . . . . 1 . 3 . . 1 . 1 . 2 Projectile 925 | . 10 24 78 50 180 159 . 17 8 63 . 49 94 193 AOE 13 | . . 10 . . . . . 3 . . . . . . Critical Strikes 35 | . . . 3 1 9 4 2 . . 1 . 3 2 10 Damage Taken 15772 | . 87 548 997 622 2813 1776 654 229 163 1000 . 865 1533 4485 Core 2428 | . 6 103 200 167 353 217 70 30 . 59 . . 218 1005 Absorbed by Shields . | . . . . . . . . . . . . . . . Ignored by Resistances 74 | . . . . . . . . . . . . . . 74 Regen/Repaired (Parts) 1479 | . . . . . . 467 14 134 . 464 . 400 . . Core Remaining (%) 53 | 100 . 56 . 8 35 . . . . . . 46 74 . Volleys Fired 760 | . 22 13 114 46 181 75 39 20 7 34 . 36 47 126 Largest 2 | . 2 2 2 2 2 2 1 2 2 2 . 2 2 2 Hottest 80 | . 40 53 50 70 74 65 39 80 80 80 . 80 68 80 Shots Fired 1362 | . 44 26 228 83 331 129 40 40 14 68 . 49 83 227 Gun 845 | . 44 23 219 83 155 126 3 . . . . 27 74 91 Cannon 467 | . . 2 9 . 174 3 . 40 14 68 . 20 9 128 Launcher 50 | . . 1 . . 2 . 37 . . . . 2 . 8 Special . | . . . . . . . . . . . . . . . Kinetic 1290 | . 44 25 228 72 318 129 3 40 14 68 . 47 83 219 Thermal 22 | . . . . 11 11 . . . . . . . . . Explosive 45 | . . 1 . . . . 37 . . . . . . 7 Electromagnetic 5 | . . . . . 2 . . . . . . 2 . 1 Robot Hit Streak 25 | . 7 4 16 12 17 25 12 11 2 4 . 8 15 15 Robot Miss Streak 7 | . 6 6 5 2 4 6 1 7 3 5 . 5 4 4 Penetration Max 2 | . . . . . . . . . . . . . 1 2 Secondary Targets 9 | . . 1 4 . 1 2 . . . . . . 1 . Max Gunslinging Chain 1 | . . 1 1 . 1 1 . . . . . . 1 . Shots Hit Robots 893 | . 26 13 137 62 214 110 31 17 3 29 . 28 71 152 Core Hits 468 | . 12 6 69 19 87 79 18 7 1 8 . 20 52 90 Critical Kills 11 | . 1 . 2 1 . . . . . . . . 1 6 Critical Parts Destroyed 10 | . 1 1 . 1 . . . . . . . . . 7 Critical Strikes 42 | . 2 1 2 3 6 . . 5 . 5 . 2 2 14 Burn 4 | . . . . 1 3 . . . . . . . . . Destroy 21 | . 2 1 2 2 . . . . . . . . 1 13 Blast 17 | . . . . . 3 . . 5 . 5 . 2 1 1 Melee Attacks 1 | . . . . . . 1 . . . . . . . . Impact . | . . . . . . . . . . . . . . . Slashing 1 | . . . . . . 1 . . . . . . . . Piercing . | . . . . . . . . . . . . . . . Sneak Attacks . | . . . . . . . . . . . . . . . Combat Hostiles . | . . . . . . . . . . . . . . . Follow-up Attacks . | . . . . . . . . . . . . . . . Damage Inflicted 22909 | . 246 150 1668 539 4262 2049 4157 522 50 836 . 878 1569 5983 Guns 8693 | . 246 110 1551 539 1722 1962 38 . . . . 258 1292 975 Cannons 8185 | . . 20 91 . 2510 87 . 517 50 836 . 388 275 3411 Explosions 5968 | . . 20 . . . . 4119 . . . . 232 . 1597 Melee . | . . . . . . . . . . . . . . . Ramming 63 | . . . 26 . 30 . . 5 . . . . 2 . Kinetic 16700 | . 246 130 1642 436 4157 2049 38 517 50 836 . 646 1567 4386 Thermal 407 | . . . . 103 75 . . . . . . 70 . 159 Explosive 5388 | . . 20 . . . . 4119 . . . . . . 1249 Electromagnetic 351 | . . . . . . . . . . . . 162 . 189 Impact . | . . . . . . . . . . . . . . . Slashing . | . . . . . . . . . . . . . . . Piercing . | . . . . . . . . . . . . . . . Highest Corruption 22 | . 2 2 3 3 . 1 1 . . . . . 1 22 Average Corruption 3 | . 2 2 3 3 . 1 1 . . . . . 1 6 Corruption Purged 2 | . . . . . . . 1 . . . . . 1 . Corruption Blocked . | . . . . . . . . . . . . . . . Effects 96 | . 16 2 4 18 . 3 2 . . . . . 1 50 Message Errors 18 | . 2 . 2 4 . . 1 . . . . . . 9 Matter Fused 24 | . 4 . 1 7 . 1 . . . . . . . 11 Heat Flow Errors 11 | . 2 2 . 1 . . . . . . . . . 6 Energy Discharges 12 | . 3 . 1 1 . 2 . . . . . . . 5 Parts Rejected 1 | . . . . . . . . . . . . . . 1 Data Loss (minor) 13 | . 1 . . 3 . . . . . . . . 1 8 Data Loss (major) 5 | . 1 . . 1 . . . . . . . . . 3 Misfires 3 | . 1 . . . . . 1 . . . . . . 1 Alerts 6 | . 2 . . . . . . . . . . . . 4 Weapon Failures 3 | . . . . 1 . . . . . . . . . 2 Overload Shots . | . . . . . . . . . . . . . . . Overflow Damage 285 | . . . 7 . 42 8 4 31 . 37 . 1 . 155 Projectiles 252 | . . . 7 . 42 8 . 31 . 37 . . . 127 Explosions 33 | . . . . . . . 4 . . . . 1 . 28 Melee . | . . . . . . . . . . . . . . . Knockbacks 89 | . . . 1 . 43 2 . 4 . 10 . 3 . 26 Impact . | . . . . . . . . . . . . . . . Kinetic 78 | . . . 1 . 36 2 . 4 . 10 . 3 . 22 Secondary 11 | . . . . . 7 . . . . . . . . 4 Self-Inflicted Damage 766 | . . . 13 . 162 . 491 2 . . . . . 98 Shots 21 | . . . . . 5 . 12 . . . . . . 4 Rammed 7 | . . . 1 . 3 . . 2 . . . . 1 . Targets Rammed 7 | . . . 1 . 3 . . 2 . . . . 1 . Kicked . | . . . . . . . . . . . . . . . Crushed . | . . . . . . . . . . . . . . . Highest Temperature 454 | . 139 251 49 109 93 355 . 135 108 454 . 305 24 277 Average Temperature 76 | . 71 88 8 12 21 92 . 40 42 210 . 183 12 72 Received Heat Transfer 4089 | . 27 . 426 315 1341 708 . 30 18 207 . 270 267 480 Effects 13 | . . . . . . 1 . . . 9 . 3 . . Shutdowns 2 | . . . . . . . . . . 2 . . . . Interference 3 | . . . . . . . . . . . . 3 . . Matter Decay 2 | . . . . . . 1 . . . 1 . . . . Damage (minor) 1 | . . . . . . . . . . 1 . . . . Damage (major) 5 | . . . . . . . . . . 5 . . . . Siege Activations . | . . . . . . . . . . . . . . . Martial Activations . | . . . . . . . . . . . . . . . Shielding Activations . | . . . . . . . . . . . . . . . Robots Disrupted . | . . . . . . . . . . . . . . . Combat Hostiles . | . . . . . . . . . . . . . . . Robots Corrupted 1 | . . . . . . . . . . . . . . 1 Combat Hostiles . | . . . . . . . . . . . . . . . Parts Fried 5 | . . . . . . . . . . . . . . 5 Impact Corruptions 1 | . . . . . . . . . . . . . . 1 Robots Melted 1 | . . . . 1 . . . . . . . . . . Combat Hostiles 1 | . . . . 1 . . . . . . . . . . Parts Melted 3 | . . . . 1 2 . . . . . . . . . Heat Transferred 1214 | . . . . 370 444 . . . . . . 100 . 300 Parts Sabotaged . | . . . . . . . . . . . . . . . Parts Stolen . | . . . . . . . . . . . . . . . Parts Stripped . | . . . . . . . . . . . . . . . Power Chain Reactions 7 | . . . . . 2 . . . . . . 1 . 4 Alert | -11 -10 -10 -9 -9 -8 -7 -7 -7 -7 -7 -7 -6 -6 -5 ------- Run | Yrd Mat Min Mat Min Mat Fac Was Fac Low Low Dat Pro Fac Fac Maximum Alert Level 4 | . . . 1 1 1 . . 4 . . . . 1 1 Low Security (%) 86 | 100 100 100 84 97 84 100 100 61 . . . . 66 82 Level 1 10 | . . . 15 2 15 . . 4 . . . . 33 17 Level 2 . | . . . . . . . . . . . . . . . Level 3 2 | . . . . . . . . 22 . . . . . . Level 4 1 | . . . . . . . . 11 . . . . . . Level 5 . | . . . . . . . . . . . . . . . High Security . | . . . . . . . . . . . . . . . Max Security . | . . . . . . . . . . . . . . . Peak Influence 1222 | . 66 64 328 204 315 107 49 1222 . . . . 300 262 Initial 300 | . . 1 . 124 . 107 24 . . . . . 300 57 Average 116 | . 5 29 95 100 138 32 10 395 . . . . 194 96 Influence Increases 7121 | . 149 111 765 255 1262 425 102 1624 371 191 . 281 634 951 Destroy 0b10 Robot/C 3580 | . 80 80 500 180 760 280 20 500 200 120 . 180 240 440 Destroy 0b10 Robot/NC 345 | . 15 . 50 . 65 25 . 50 . . . 5 15 120 Destroy Leader 818 | . 14 10 138 30 202 76 . 108 10 20 . 30 64 116 Allied During Kill 739 | . . . . . . . . 566 161 6 . 6 . . Successful Hack 142 | . 25 13 30 . 3 28 . 10 . . . . 14 19 Disable Machine 405 | . . . . . 75 . . 270 . . . . . 60 Destroy Structure 417 | . . 8 2 . 22 1 82 105 . . . . 1 196 Advance Influence 300 | . . . . . . . . . . . . . 300 . Partial Spotted 15 | . . . . . . . . 15 . . . . . . Lose Combat Pursuer 360 | . 15 . 45 45 135 15 . . . 45 . 60 . . Influence Decreases 7038 | . 145 115 445 575 1024 594 171 438 1199 549 . 281 516 986 Entered New Map 944 | . . 3 . 196 . 131 45 . 439 69 . . . 61 Time Decay 4598 | . 145 94 395 309 576 413 90 378 620 450 . 231 386 511 Lost Part 847 | . . 18 50 70 160 50 36 . . 30 . 30 130 273 Lost Ally 220 | . . . . . . . . 60 140 . . 20 . . Purge Threat 429 | . . . . . 288 . . . . . . . . 141 Squads Dispatched 44 | . 2 . 4 . 7 8 . 9 . . . . 4 10 Investigation 10 | . 1 . 2 . 1 2 . 2 . . . . 1 1 Extermination 12 | . . . . . . 4 . 3 . . . . 2 3 Reinforcement 19 | . 1 . 2 . 3 2 . 4 . . . . 1 6 Assault . | . . . . . . . . . . . . . . . Garrison 3 | . . . . . 3 . . . . . . . . . Intercept . | . . . . . . . . . . . . . . . Searches Triggered . | . . . . . . . . . . . . . . . Data Miner Redirects 2 | . . . . . . . . . . . . . 1 1 Construction Impeded 3 | . . . . . 1 . . . . . . . . 2 Haulers Reinforced 4 | . . . . . . 1 . 2 . . . . 1 . Active Scanning Responses . | . . . . . . . . . . . . . . . Cargo Convoy Interrupts . | . . . . . . . . . . . . . . . Stealth | -11 -10 -10 -9 -9 -8 -7 -7 -7 -7 -7 -7 -6 -6 -5 --------- Run | Yrd Mat Min Mat Min Mat Fac Was Fac Low Low Dat Pro Fac Fac Distress Signals 17 | . 1 . 4 . 8 1 . . . . . 1 1 1 Communications Jammed . | . . . . . . . . . . . . . . . Distress Signals . | . . . . . . . . . . . . . . . Times Spotted 298 | . 10 9 44 12 73 29 7 16 9 9 . 15 20 45 Peak Tracking Total 12 | . 3 4 5 4 7 5 3 4 6 4 . 7 5 12 Tactical Retreats 19 | . 1 . 3 2 7 1 . . . 3 . 2 . . Traps | -11 -10 -10 -9 -9 -8 -7 -7 -7 -7 -7 -7 -6 -6 -5 ------- Run | Yrd Mat Min Mat Min Mat Fac Was Fac Low Low Dat Pro Fac Fac Traps Triggered 15 | . 3 . 4 . 3 2 . . . . . . 2 1 Indirectly 1 | . . . . . 1 . . . . . . . . . Trap Hack Attempts . | . . . . . . . . . . . . . . . Triggered . | . . . . . . . . . . . . . . . Disarmed . | . . . . . . . . . . . . . . . Reprogrammed 4 | . 4 . . . . . . . . . . . . . Reused . | . . . . . . . . . . . . . . . Traps Extracted . | . . . . . . . . . . . . . . . Installed . | . . . . . . . . . . . . . . . Triggered . | . . . . . . . . . . . . . . . Machines | -11 -10 -10 -9 -9 -8 -7 -7 -7 -7 -7 -7 -6 -6 -5 ---------- Run | Yrd Mat Min Mat Min Mat Fac Was Fac Low Low Dat Pro Fac Fac Machines Disabled 29 | . . . . . 5 . . 18 2 . . . . 4 Max in Single Turn 2 | . . . . . 2 . . . . . . . . 1 Garrison Access 2 | . . . . . 1 . . . . . . . . 1 Machines Repaired . | . . . . . . . . . . . . . . . Machines Dismantled . | . . . . . . . . . . . . . . . Machines Sabotaged . | . . . . . . . . . . . . . . . Overloaded Fab Kills . | . . . . . . . . . . . . . . . Hacking | -11 -10 -10 -9 -9 -8 -7 -7 -7 -7 -7 -7 -6 -6 -5 --------- Run | Yrd Mat Min Mat Min Mat Fac Was Fac Low Low Dat Pro Fac Fac Machines Accessed 52 | . 6 1 9 . 5 5 . 5 1 2 4 . 5 9 Terminals 32 | . 6 1 6 . 4 3 . 3 . 1 . . 3 5 Fabricators 3 | . . . . . . 1 . . . . . . . 2 Repair Stations 3 | . . . . . . 1 . 2 . . . . . . Recycling Units 2 | . . . 1 . . . . . . . . . . 1 Scanalyzers 3 | . . . 2 . . . . . . . . . 1 . Garrison Access 3 | . . . . . 1 . . . . . . . 1 1 Total Hacks 188 | . 15 5 25 . 25 26 . 13 1 2 30 . 13 33 Successful 110 | . 9 3 14 . 9 16 . 3 1 2 30 . 6 17 Failed 77 | . 5 2 11 . 16 10 . 10 . . . . 7 16 Catastrophic 9 | . . 1 . . 3 1 . 1 . . . . 2 1 Database Lockouts 1 | . 1 . . . . . . . . . . . . . Manual 89 | . 6 3 19 . 17 14 . 8 . . . . 4 18 Terminals 118 | . 15 5 20 . 22 15 . 9 . 1 . . 9 22 Fabricators 8 | . . . . . . 1 . . . . . . . 7 Repair Stations 14 | . . . . . . 10 . 4 . . . . . . Recycling Units 4 | . . . 1 . . . . . . . . . . 3 Scanalyzers 7 | . . . 4 . . . . . . . . . 3 . Garrison Access 5 | . . . . . 3 . . . . . . . 1 1 Terminal Hacks 64 | . 8 3 4 . 4 1 . 1 1 2 30 . 4 6 Record 14 | . . 1 1 . . . . . . 1 11 . . . Part Schematic 9 | . . . . . . . . . . . 9 . . . Robot Schematic 7 | . . . . . . . . . . . 7 . . . Robot Analysis 7 | . 1 . 3 . . . . . . . . . 1 2 Prototype ID Bank 4 | . 1 . . . . . . . . . 3 . . . Open Door 2 | . . . . . . . . . 1 1 . . . . Branch Access Points 5 | . . 1 . . 1 1 . . . . . . 1 1 Unreport Threat 4 | . . . . . 2 . . . . . . . . 2 Locate Traps 4 | . 3 . . . . . . . . . . . 1 . Reprogram Traps 1 | . 1 . . . . . . . . . . . . . Recall Reinforcements 2 | . . . . . 1 . . 1 . . . . . . Hauler Manifests 1 | . 1 . . . . . . . . . . . . . Registered Components 1 | . 1 . . . . . . . . . . . . . Zone Layout 3 | . . 1 . . . . . . . . . . 1 1 Fabricator Hacks 4 | . . . . . . 1 . . . . . . . 3 Network Status 2 | . . . . . . 1 . . . . . . . 1 Load Schematic 1 | . . . . . . . . . . . . . . 1 Build 1 | . . . . . . . . . . . . . . 1 Repair Station Hacks 12 | . . . . . . 10 . 2 . . . . . . Scan Component 6 | . . . . . . 5 . 1 . . . . . . Repair 6 | . . . . . . 5 . 1 . . . . . . Recycling Unit Hacks 3 | . . . 1 . . . . . . . . . . 2 Report Inventory 2 | . . . 1 . . . . . . . . . . 1 Retrieve Components 1 | . . . . . . . . . . . . . . 1 Scanalyzer 6 | . . . 4 . . . . . . . . . 2 . Insert Component 3 | . . . 2 . . . . . . . . . 1 . Analyze 3 | . . . 2 . . . . . . . . . 1 . Garrison Access Hacks 2 | . . . . . 1 . . . . . . . . 1 Seal Access 2 | . . . . . 1 . . . . . . . . 1 Unauthorized Hacks 19 | . 1 . 5 . 4 4 . . . . . . . 5 Terminals 19 | . 1 . 5 . 4 4 . . . . . . . 5 Track 1 | . . . . . . . . . . . . . . 1 Assimilate 2 | . . . . . . 1 . . . . . . . 1 Botnet 16 | . 1 . 5 . 4 3 . . . . . . . 3 Fabricators . | . . . . . . . . . . . . . . . Repair Stations . | . . . . . . . . . . . . . . . Recycling Units . | . . . . . . . . . . . . . . . Scanalyzers . | . . . . . . . . . . . . . . . Garrison Access . | . . . . . . . . . . . . . . . Data Cores Recovered 2 | . . . . . . . . . . . . . 1 1 Used 1 | . . . . . . . . . . . . . 1 . Hacking Detections 38 | . 4 1 7 . 4 3 . 5 . 1 . . 5 8 Full Trace Events 5 | . . . . . . 1 . 2 . . . . 1 1 Feedback Events . | . . . . . . . . . . . . . . . Feedback Blocked . | . . . . . . . . . . . . . . . Robot Schematics Acquired 7 | . . . . . . . . . . . 7 . . . Robots Built . | . . . . . . . . . . . . . . . Authchips . | . . . . . . . . . . . . . . . Time . | . . . . . . . . . . . . . . . Total Robot Build Rating . | . . . . . . . . . . . . . . . Part Schematics Acquired 12 | . . . 2 . . . . . . . 9 . 1 . Parts Built 2 | . . . . . . . . . . . . . . 2 Authchips . | . . . . . . . . . . . . . . . Time 84 | . . . . . . . . . . . . . . 84 Total Part Build Rating 8 | . . . . . . . . . . . . . . 8 Parts Repaired 6 | . . . . . . 5 . 1 . . . . . . Time 170 | . . . . . . 142 . 28 . . . . . . Parts Recycled . | . . . . . . . . . . . . . . . Recycled Matter . | . . . . . . . . . . . . . . . Retrieved Matter . | . . . . . . . . . . . . . . . Retrieved Components 6 | . . . . . . . . . . . . . . 6 Parts Scanalyzed 3 | . . . 2 . . . . . . . . . 1 . Part Schematics Acquired 3 | . . . 2 . . . . . . . . . 1 . Parts Damaged . | . . . . . . . . . . . . . . . Bothacking | -11 -10 -10 -9 -9 -8 -7 -7 -7 -7 -7 -7 -6 -6 -5 ------------ Run | Yrd Mat Min Mat Min Mat Fac Was Fac Low Low Dat Pro Fac Fac Used RIF Installer . | . . . . . . . . . . . . . . . Robots Hacked . | . . . . . . . . . . . . . . . Non-combat . | . . . . . . . . . . . . . . . Combat . | . . . . . . . . . . . . . . . Robot Hacks Applied . | . . . . . . . . . . . . . . . Relay Couplers Released . | . . . . . . . . . . . . . . . Fabnet Peak Effective % . | . . . . . . . . . . . . . . . Robots Rewired . | . . . . . . . . . . . . . . . Allies Hacked 1 | . . . . . . . . 1 . . . . . . Hacks Repelled . | . . . . . . . . . . . . . . . Allies | -11 -10 -10 -9 -9 -8 -7 -7 -7 -7 -7 -7 -6 -6 -5 -------- Run | Yrd Mat Min Mat Min Mat Fac Was Fac Low Low Dat Pro Fac Fac Total Allies 19 | . . . . . . . 19 . . . . . . . Largest Group 19 | . . . . . . . 19 19 11 2 2 2 . . Highest-Rated Group 475 | . . . . . . . 475 475 327 52 48 48 . . Highest-Rated Ally 35 | . . . . . . . 35 35 35 27 27 27 . . Total Orders . | . . . . . . . . . . . . . . . Ally Attacks 202 | . . . . . . . . 125 77 . . . . . Total Damage 5689 | . . . . . . . . 3244 2445 . . . . . Kills 48 | . . . . . . . . 31 17 . . . . . Allies Corrupted 2 | . . . . . . . . 2 . . . . . . Allies Melted . | . . . . . . . . . . . . . . . Intel | -11 -10 -10 -9 -9 -8 -7 -7 -7 -7 -7 -7 -6 -6 -5 ------- Run | Yrd Mat Min Mat Min Mat Fac Was Fac Low Low Dat Pro Fac Fac Active Infowar (turns) 3676 | . 1146 221 1528 763 18 . . . . . . . . . Optics 2280 | . . . 1499 763 18 . . . . . . . . . Sensors 206 | . . . 27 162 17 . . . . . . . . . Terrain 2469 | . 1146 221 1102 . . . . . . . . . . . Robot Analysis Total 7 | . 1 . 3 . . . . . . . . . 1 2 Derelict Logs Recovered 7 | . . . . 1 . . . . 2 2 . 2 . . Drone Launches . | . . . . . . . . . . . . . . . Drone Recoveries . | . . . . . . . . . . . . . . . Exploration | -11 -10 -10 -9 -9 -8 -7 -7 -7 -7 -7 -7 -6 -6 -5 ------------- Run | Yrd Mat Min Mat Min Mat Fac Was Fac Low Low Dat Pro Fac Fac Turns Passed 16606 | 29 1236 221 1528 763 2019 1998 512 1250 2084 1228 152 575 901 2110 Spaces Moved 8116 | 30 847 118 730 375 766 777 255 696 1176 750 99 350 396 751 Core 479 | 30 332 14 37 . . . . . . . . . . 66 Treads 2112 | . 515 104 7 66 267 777 43 . . . . . 135 198 Legs . | . . . . . . . . . . . . . . . Wheels 5525 | . . . 686 309 499 . 212 696 1176 750 99 350 261 487 Hover . | . . . . . . . . . . . . . . . Flight . | . . . . . . . . . . . . . . . Fastest Speed 50 | 50 50 100 100 140 116 160 145 160 160 145 145 125 125 50 Average Speed 164 | 50 116 152 139 167 182 202 161 160 160 148 145 135 187 220 Slowest Speed 1750 | 50 160 160 240 240 320 240 240 160 160 160 145 145 400 1750 Overloaded Moves . | . . . . . . . . . . . . . . . Propulsion Burnouts . | . . . . . . . . . . . . . . . Robots Hopped . | . . . . . . . . . . . . . . . Potential Cave-ins . | . . . . . . . . . . . . . . . Cave-ins Triggered . | . . . . . . . . . . . . . . . Exploration Rate (%) 53 | 3 98 31 61 53 55 23 88 25 97 92 75 58 15 26 Regions Visited 14 Branch Regions 6 Pre-discovered Areas 2 | . . . . . . . . . 1 . 1 . . . Known Exits Taken 3 | . . . . . . . . 1 1 . . 1 . . Unknown Exits Taken 9 | 1 1 1 1 1 1 . . . . 1 1 . 1 . Scrap Searched 8 | . . . . 2 . . . . 2 2 . 2 . . Spaces Dug 9 | . . . . . 3 1 . 1 4 . . . . . Terrain Destroyed 373 | . . 12 . . 16 1 171 16 8 30 . 13 1 105 Melee 1 | . . . . . . 1 . . . . . . . . Projectile 105 | . . . . . 13 . . 16 8 30 . 6 1 31 AOE 267 | . . 12 . . 3 . 171 . . . . 7 . 74 Terrain Rammed . | . . . . . . . . . . . . . . . Walls Destroyed . | . . . . . . . . . . . . . . . Machines Disabled . | . . . . . . . . . . . . . . . Actions | -11 -10 -10 -9 -9 -8 -7 -7 -7 -7 -7 -7 -6 -6 -5 --------- Run | Yrd Mat Min Mat Min Mat Fac Was Fac Low Low Dat Pro Fac Fac Total 10127 | 43 1055 137 1029 441 1089 1100 317 793 1367 797 107 401 469 982 Wait 843 | . 166 . 116 9 53 183 17 55 179 7 9 8 4 37 Move 8103 | 29 846 117 729 374 765 777 254 695 1175 749 98 349 395 751 Hop . | . . . . . . . . . . . . . . . Pick Up 166 | 9 8 1 35 1 34 22 3 11 2 1 . 3 8 28 Fast Attach 16 | . 3 . 3 . 3 4 . 1 . 2 . . . . Attach 103 | 4 3 2 12 8 17 10 3 1 . 3 . 4 11 25 Detach 1 | . . . 1 . . . . . . . . . . . Swap 61 | . 4 . 9 2 18 12 1 2 1 . . 1 3 8 Drop 66 | 1 3 4 9 1 15 16 . 6 3 1 . . . 7 Fire 760 | . 22 13 114 46 181 75 39 20 7 34 . 36 47 126 Melee 1 | . . . . . . 1 . . . . . . . . Ram 6 | . . . 1 . 3 . . 2 . . . . . . Kick . | . . . . . . . . . . . . . . . Crush 1 | . . . . . . . . . . . . . 1 . Escape Stasis . | . . . . . . . . . . . . . . . Rewire . | . . . . . . . . . . . . . . . Trap . | . . . . . . . . . . . . . . . Miscellaneous . | . . . . . . . . . . . . . . . Route ------- -11/Scrapyard -10/Materials (discovered 6 exits: *Mat x3 / *Min x2 / [*Sub]) -10/Mines -9/Materials (discovered 4 exits: *Mat x3 / [*Min]) -9/Mines -8/Materials (discovered 2 exits: *Fac x2) -7/Factory (discovered 2 exits: *Low x2) -7/Waste -7/Factory -7/Lower Caves -7/Lower Caves (discovered 2 exits: *Fac / *Dat) -7/Data Miner -6/Proximity Caves -6/Factory (discovered 5 exits: *Fac / Low x2 / Ext x2) -5/Factory (discovered 3 exits: [*Fac] / Upp x2) History --------- Turn | Location | Event 9 | -11/Scrapyard | Discovered new exit (range 15) 30 | -11/Scrapyard | Entered Materials 31 | -10/Materials | Met a group of wandering Federalists 99 | -10/Materials | Discovered new exit (range 7) 128 | -10/Materials | Discovered new exit (range 15) 185 | -10/Materials | Discovered new exit (range 14) 217 | -10/Materials | Central database locked down 274 | -10/Materials | Discovered new exit (range 16) 304 | -10/Materials | Build established: Mutant 896 | -10/Materials | Discovered new exit (range 3) 901 | -10/Materials | Discovered new exit (range 6) 1266 | -10/Materials | Entered Mines 1357 | -10/Mines | Discovered new exit (range 6) 1405 | -10/Mines | Received a Rocket Launcher from a helpful Derelict 1438 | -10/Mines | Assembled infested the area 1487 | -10/Mines | Entered Materials 1487 | -9/Materials | Evolved 2 slots: Propulsion x1, Utility x1 1504 | -9/Materials | Lost 4 parts (2n2w) 1988 | -9/Materials | Discovered new exit (range 12) 2241 | -9/Materials | Build established: Scavenger-Mutant 2542 | -9/Materials | Discovered new exit (range 11) 2666 | -9/Materials | Build established: Mutant 2935 | -9/Materials | Discovered new exit (range 18) 3001 | -9/Materials | Discovered new exit (range 10) 3015 | -9/Materials | Entered Mines 3035 | -9/Mines | Core integrity fell below 50% 3093 | -9/Mines | Learned location of 1 exit from Lower Caves 3413 | -9/Mines | Core integrity fell below 20% 3455 | -9/Mines | Lost 4 parts (1n1u2w) 3754 | -9/Mines | Discovered new exit (range 8) 3778 | -9/Mines | Entered Materials 3778 | -8/Materials | Evolved 2 slots: Propulsion x1, Utility x1 4073 | -8/Materials | Build established: Hacker-Mutant 4732 | -8/Materials | Garrison activated, responded to threat 4811 | -8/Materials | Lost 7 parts (2p3n2w) 4971 | -8/Materials | Core integrity fell below 50% 5126 | -8/Materials | Discovered new exit (range 11) 5642 | -8/Materials | Discovered new exit (range 4) 5797 | -8/Materials | Entered Factory 5797 | -7/Factory | Evolved 2 slots: Propulsion x1, Utility x1 5825 | -7/Factory | Identified exit to Lower Caves 6465 | -7/Factory | Build established: Scavenger-Mutant 7026 | -7/Factory | Repaired Lgt. Treads 7056 | -7/Factory | Repaired Lgt. Treads 7084 | -7/Factory | Repaired Lgt. Treads 7111 | -7/Factory | Repaired Lgt. Treads 7150 | -7/Factory | Repaired Assault Cannon 7795 | -7/Factory | Sucked down chute 7795 | -7/Factory | Entered Waste 7827 | -7/Waste | Spotted C-40 Crusher 7832 | -7/Waste | Destroyed C-40 Crusher 7839 | -7/Waste | Spotted C-40 Crusher 7857 | -7/Waste | Destroyed C-40 Crusher 7863 | -7/Waste | Spotted C-40 Crusher 7871 | -7/Waste | Spotted C-40 Crusher 7874 | -7/Waste | Spotted C-40 Crusher 7874 | -7/Waste | Destroyed C-40 Crusher 7882 | -7/Waste | Destroyed C-40 Crusher 7892 | -7/Waste | Destroyed C-40 Crusher 7952 | -7/Waste | Spotted C-40 Crusher 7971 | -7/Waste | Crushed by Compactor (0 parts destroyed, 2 dropped) 7974 | -7/Waste | Crushed by Compactor (1 part destroyed, 1 dropped) 7977 | -7/Waste | Crushed by Compactor (0 parts destroyed, 1 dropped) 7978 | -7/Waste | Destroyed C-40 Crusher 8005 | -7/Waste | Warlord forces began an assault 8008 | -7/Waste | Lost 4 parts (2n2u) 8038 | -7/Waste | Discovered new exit (range 16) 8272 | -7/Waste | Build established: Mutant 8307 | -7/Waste | Entered Factory 8307 | -7/Factory | Accompanied by 19 allies 8389 | -7/Factory | Lost 5 allies 8410 | -7/Factory | Repaired Hyp. Coil Gun 9417 | -7/Factory | Discovered exit to Lower Caves (range 16) 9557 | -7/Factory | Entered Lower Caves 9557 | -7/Lower Caves | Accompanied by 11 allies 9558 | -7/Lower Caves | Identified exit to Lower Caves 9608 | -7/Lower Caves | Encountered a Warlord checkpoint 9628 | -7/Lower Caves | Learned location of Zion (-6) 9700 | -7/Lower Caves | Learned 12 Factory zone layouts 9770 | -7/Lower Caves | Attracted the attention of an 0b10 outpost 11258 | -7/Lower Caves | Attacked by a faux Warlord 11325 | -7/Lower Caves | Lost 7 allies 11641 | -7/Lower Caves | Entered another Lower Caves area 11641 | -7/Lower Caves | Accompanied by 2 allies 11658 | -7/Lower Caves | Core integrity fell below 50% 11738 | -7/Lower Caves | Discovered new exit (range 9) 12374 | -7/Lower Caves | Learned Factory stockpile data 12815 | -7/Lower Caves | Discovered new exit (range 14) 12869 | -7/Lower Caves | Entered Data Miner 12869 | -7/Data Miner | Accompanied by 2 allies 12869 | -7/Data Miner | Discovered new exit (range 6) 12897 | -7/Data Miner | Met Data Miner 12954 | -7/Data Miner | Learned location of Section 7 (-2) 12954 | -7/Data Miner | Acquired the access code to Warlord's prototype stash 12978 | -7/Data Miner | Received God Mode back door access code from Data Miner 13021 | -7/Data Miner | Entered Proximity Caves 13021 | -6/Proximity Caves | Accompanied by 2 allies 13246 | -6/Proximity Caves | Spotter reported a threat 13291 | -6/Proximity Caves | Identified exit to Factory 13562 | -6/Proximity Caves | Spotter reported a threat 13596 | -6/Proximity Caves | Entered Factory 13596 | -6/Factory | Evolved 2 slots: Propulsion x1, Utility x1 13597 | -6/Factory | Identified exit to Lower Caves 13598 | -6/Factory | Identified exit to Extension 13850 | -6/Factory | Incoming investigation squad redirected 13906 | -6/Factory | Lost 4 parts (2n2w) 14053 | -6/Factory | Build established: Hacker-Mutant 14059 | -6/Factory | Lost 5 parts (1p3n1w) 14461 | -6/Factory | Discovered new exit (range 16) 14497 | -6/Factory | Entered another Factory area 14497 | -5/Factory | Evolved 2 slots: Power x1, Propulsion x1 14622 | -5/Factory | Discovered new exit (range 10) 15761 | -5/Factory | Lost 3 parts (1p1n1w) 15847 | -5/Factory | Identified exit to Upper Caves 16164 | -5/Factory | System corruption reached 10% 16295 | -5/Factory | Incoming investigation squad redirected 16361 | -5/Factory | Fabricated Med. Treads (x2) 16436 | -5/Factory | Allied Derelicts emerged from ambush trap array 16438 | -5/Factory | Build established: Scavenger-Mutant 16515 | -5/Factory | Lost 3 parts (1p1u1w) 16534 | -5/Factory | Lost 3 allies 16560 | -5/Factory | Core integrity fell below 50% 16585 | -5/Factory | Core integrity fell below 20% 16607 | -5/Factory | Destroyed by P-70 Sage with Tesla Rifle Last Messages --------------- 16584_ Dropped Med. Treads. 16584_ U-05 Engineer lays Concrete. 16585_ K-01 Serf collects debris. 16585_ U-05 Engineer lays Concrete. 16585_ Dropped Gauss Cannon. 16585_ U-05 Engineer lays Concrete. 16587_ K-01 Serf suffers critical hit (Burn). 16587_ K-01 Serf collects debris. 16587_ U-05 Engineer lays Concrete. 16588_ The unstable cave ceiling collapses. 16588_ U-05 Engineer lays Concrete. 16589_ K-01 Serf collects debris. 16592_ O-24 Administrator: "IFF HANDSHAKE FAILED. SECURING TERMINAL." 16593_ Connecting with Terminal... 16594_ ALERT: Cargo convoy en route, clear transfer corridor. 16594_ K-01 Serf cleans the Terminal. 16598_ ALERT: Hostiles spotted, dispatching reinforcements to Terminal F014. 16603_ NYB:YNZZ1Q 6DVGA2AJHOJTGNPQRDS 16607_ Door malfunctions. Map ----- +----------------------------------------------------+ | ???????????# ??????????????????????????????????? | | ??????????## ?????????????????????????????????? | | ??????????# ?????????????????????????????????? | | ???????????T #?????????????????????????????????? | | ???????????# #?????????????????????????????????? | | ???????????# #?????????????????????????????????? | | ???????????# #?????????????????????????????????? | | ???????????# #??????????###############????????? | | ??????????## ##?????????# ! ?????????? | | ??????????# ########+## ??????????? | | ??????????# T # ???????????? | | ??????????+ "" + """ ""???????????????? | | ??????????# # """ ""???????????????? | | ??????????# #######p # """ ""???????????????? | | ??????????### ######### # ?????????????? | | ??????????### # /p # """ ?????????????? | | ??????????+ / # # """ ?????????????? | | ??????????### # # # """ ????????????? | | ????????????# # """ # # """T?????????????? | | ????????????# #? """" # #####????##????????????? | | ????????###?# #??"""" # w#??????????????????????? | | ######### ### #???###?# #??????????????????????? | | ^^ ![!%= ## #??### ###????????????????????? | | ![%!*]= gg ##### #????????????????????? | | =!=*! !! #????????????????????? | | " ==!=] =k ! @ #????????????????????? | | ""!%[!* !g! #????????????????????? | | " /[] %g=* ] #????????????????????? | | "" %=% | #????????????????????? | | "" [[ # #### #????????????????????? | | """ =% #####/####????????????????????? | | ! #??? ????????????????????????? | | "" "#?? ????????????????????????? | | """ " ##?? ????????????????????????? | | """" # #?? ????????????????????????? | | """" # #?? ????????????????????????? | | ???"" # #?? ????????????????????????? | | ???"" # #?? ?????????????????????????? | | ??? # #? ?????????????????????????? | | ???? # #? ?????????????????????????? | | ???? # #???#?????????????????????????? | | ???? # #?????????????????????????????? | | ???? # #?????????????????????????????? | | ?? ? # #?????????????????????????????? | | ![ # #?????????????????????????????? | | ![ ??#####+######?????????????????????????????? | | [[ ?????# #??????????????????????????????????? | | ?????# #??????????????????????????????????? | | ????# #??????????????????????????????????? | | # ????# #??????????????????????????????????? | +----------------------------------------------------+ Best States ------------- Heat Dissipation 61 Energy Generation 18 Energy Capacity 290 Matter Stores 300 Matter Capacity 300 Sight Range 18 Robot Scan Range 14 Terrain Scan Range 14 Terrain Scan Density 10 Armor Coverage 600 Resistance: TH 10 Evasion (%) 50 Targeting Accuracy 16 Recoil Reduction 5 Offensive Hacking 20 Defensive Hacking 21 Item Schematics ----------------- Huge Storage Unit | -9/Materials | Scanalyzed Hacking Suite | -9/Materials | Scanalyzed Lgt. Regenerative Plating | -7/Data Miner | Free Combat Drone Bay | -7/Data Miner | Free Exp. Targeting Computer | -7/Data Miner | Free Cld. Aerolev Unit | -7/Data Miner | Free Imp. Heavy Laser | -7/Data Miner | Free Thunder Leg | -7/Data Miner | Free Adv. System Restoration Module | -7/Data Miner | Free Imp. Plasma Cutter | -7/Data Miner | Free Micro-nuke Launcher | -7/Data Miner | Free Med. Treads | -6/Factory | Scanalyzed Robot Schematics ------------------ W-25 Informer | -7/Data Miner | Free H-55 Commando | -7/Data Miner | Free A-15 Conveyor | -7/Data Miner | Free R-10 Processor | -7/Data Miner | Free B-60 Warrior | -7/Data Miner | Free G-50 Soldier | -7/Data Miner | Free L-41 Fighter | -7/Data Miner | Free Fabricated ------------ Med. Treads | x2 | -5/Factory Repaired ---------- Lgt. Treads | 8% | -7/Factory Lgt. Treads | 5% | -7/Factory Lgt. Treads | 47% | -7/Factory Lgt. Treads | 63% | -7/Factory Assault Cannon | 45% | -7/Factory Hyp. Coil Gun | 10% | -7/Factory Alien Tech Used ----------------- None Achievements -------------- None Challenges ------------ None Game ------ Seed WarlordCouplerDoublenader Manual? 0 Play Time 01:45:40 Cumulative 200.1 hours Start 2025.10.01 @ 02:40:39 End 2025.10.01 @ 16:42:34 Sessions 2 Manual Loads 0 Difficulty Rogue Special Mode None Game No. 319 Rogue 316 Adventurer 3 Explorer 0 Win Type - Total 1 Types 1/0/0/0/0/0/0/0/0/0 Lore% 65 Gallery% 60 Achievement% 48 Wizard Run 0 Options --------- Layout 0 ASCII 0 Keyboard 0 Movement Mouse Keybinds 0 Fullscreen 2 Font 18/SmallcapsGlow Map View 76x50 Zoom Use 0% Tactical HUD 1 Map Filters NONE Filters NONE Steam 1 RUN: 6f54d857-ee5d-4427-9c55-c2b6688a87c1